 Dungeon Crawl Stone Soup version 0.21.1-1-g345015f (webtiles) character file.

7060 sking99 the Unseen (level 10, -6/44 HPs)
             Began as a Spriggan Enchanter on June 22, 2018.
             Was the Champion of Ru.
             Mangled by a death yak (12 damage)
             ... on level 9 of the Dungeon.
             The game lasted 00:44:26 (10680 turns).

sking99 the Unseen (Spriggan Enchanter)            Turns: 10680, Time: 00:44:26

Health: -6/44      AC:  2    Str:  4    XL:     10   Next: 83%
Magic:  1/17       EV: 27    Int: 19    God:    Ru [******]
Gold:   417        SH:  0    Dex: 18    Spells: 8/17 levels left

rFire    x . .     SeeInvis +   k - +2 dagger (protect)
rCold    x . .     Gourm    .   (shield unavailable)
rNeg     . . .     Faith    .   b - +0 robe
rPois    .         Spirit   .   x - +0 hat
rElec    .         Reflect  .   (no cloak)
rCorr    .         Harm     .   (gloves unavailable)
MR       +....                  (boots unavailable)
Stlth    +++++++...             (no amulet)
HPRegen  0.14/turn              (ring unavailable)
MPRegen  0.15/turn              J - +5 ring of slaying

@: very quick
A: very small, unfitting armour, see invisible, herbivore, speed 3, slow
metabolism 2, missing a hand, inability to train armour, temperature sensitive
a: Draw Out Power, Power Leap, Apocalypse, Renounce Religion


You were on level 9 of the Dungeon.
You worshipped Ru.
Ru was exalted by your worship.
You were not hungry.

You visited 1 branch of the dungeon, and saw 9 of its levels.

You collected 417 gold pieces.

Inventory:

Hand Weapons
 a - a +1 dagger
 e - a +0 dagger of holy wrath
 k - a +2 dagger of protection (weapon)
 n - a cursed -3 short sword
 o - a +3 dagger
Armour
 b - a +0 robe (worn)
 r - a scarf of spirit shield
 x - a +0 hat (worn)
Jewellery
 y - an uncursed amulet of harm
 D - a +1 ring of protection
 I - an uncursed ring of positive energy
 J - a +5 ring of slaying (right hand)
 L - an uncursed ring of protection from magic
Wands
 w - a wand of random effects (25)
 K - a wand of flame (26)
 P - a wand of clouds (4)
Scrolls
 h - 2 scrolls of remove curse
 l - 2 scrolls of teleportation
 m - a scroll of blinking
 v - a scroll of fog
 B - 3 scrolls of enchant weapon {unknown}
 C - a scroll of immolation {unknown}
 F - 3 scrolls of fear
 M - a scroll of identify
 O - a scroll of holy word {unknown}
Potions
 f - 2 potions of agility
 g - 2 potions of lignification {unknown}
 i - 3 potions of degeneration
 j - 3 potions of heal wounds
 p - 3 potions of magic
 q - a potion of mutation {unknown}
 s - a potion of haste {unknown}
 t - 2 potions of resistance {unknown}
 u - 2 potions of curing {unknown}
 z - 2 potions of brilliance {unknown}
 E - a potion of cancellation {unknown}
 G - a potion of might {unknown}
Books
 c - a book of Maledictions

   Spells                             Type                      Level
   a - Corona                         Hexes                        1
   b - Ensorcelled Hibernation        Hexes/Ice                    2
   c - Confuse                        Hexes                        3
   d - Tukima's Dance                 Hexes                        3
   e - Dazzling Spray                 Conjuration/Hexes            3
 A - a book of Cantrips

   Spells                             Type                      Level
   a - Confusing Touch                Hexes                        1
   b - Animate Skeleton               Necromancy                   1
   c - Summon Small Mammal            Summoning                    1
   d - Apportation                    Translocation                1
 H - a book of Necromancy

   Spells                             Type                      Level
   a - Pain                           Necromancy                   1
   b - Animate Skeleton               Necromancy                   1
   c - Vampiric Draining              Necromancy                   3
   d - Regeneration                   Charms/Necromancy            3
   e - Animate Dead                   Necromancy                   4
   f - Borgnjor's Vile Clutch         Necromancy/Earth             5
Miscellaneous
 N - a box of beasts
Comestibles
 d - 11 rations


   Skills:
 + Level 8.3 Short Blades
 + Level 11.1 Dodging
 * Level 17.0 Stealth
 - Level 4.0 Spellcasting
 - Level 2.0 Conjurations
 + Level 5.5 Hexes
 - Level 1.0 Ice Magic


You had 8 spell levels left.
You knew the following spells:

 Your Spells              Type           Power        Failure   Level  Hunger
a - Ensorcelled Hibernat  Hex/Ice        ###...       5%          2    ##.....
b - Corona                Hex            ####...      1%          1    None
c - Confuse               Hex            ####....     4%          3    ###....
d - Dazzling Spray        Conj/Hex       ###...       9%          3    ###....


Dungeon Overview and Level Annotations

Branches:
Dungeon (9/15)             Temple (0/1) D:7
   Lair: D:8-11         Orc: D:9-12

Altars:
Dithmenos
Fedhas
Hepliaklqana
Kikubaaqudgha
Makhleb
Ru
Xom


Innate Abilities, Weirdness & Mutations

You are very small and have problems with some larger weapons.
You are too small for most types of armour.
You have supernaturally acute eyesight. (SInv)
You are a herbivore.
You cover ground extremely quickly.
You need consume almost no food.
You are missing a hand.
You cannot train Armour skill.
You are sensitive to extremes of temperature. (rF-, rC-)


Message History

Casting: Ensorcelled Hibernation
Confirm with . or Enter, or press ? or * to list all spells.
Aiming: Dazzling Spray
Press: ? - help, Shift-Dir - straight line, f - death yak
Aim: a death yak The spray of energy hits the death yak.
Casting: Dazzling Spray
Confirm with . or Enter, or press ? or * to list all spells.
You don't have enough magic to cast that spell.
Casting: Dazzling Spray
Confirm with . or Enter, or press ? or * to list all spells.
Aiming: Dazzling Spray
Press: ? - help, Shift-Dir - straight line, f/p - death yak
Aim: a death yak The spray of energy hits the death yak.
The death yak is lightly wounded.
You open the door.
There is an open door here.
The death yak gores you!
You die...

### #......##.
#...#.#.#..(..
#.......#####.
#...#(......#(
###.#######.#. # ..#†#.
##### #.#.#.
#...##############.#.##
#...'.@.........##.#.##
#...#Y#########..#.#...
##.......## ##.#.####
##.......######.#.####
#..≈..Y..........(Y.Y
#...≈≈...###.#Y#.###.
#...≈≈...###.#(..# #.
#..........#'#..## #.
#..........)Y)#.## #.


You could see a death yak.

Vanquished Creatures
  A hydra (D:9)
  A centaur warrior (D:8)
  A death yak (D:9)
  A skeletal warrior (D:8)
  2 cyclopes (D:8)
  A gargoyle (D:8)
  2 hippogriffs
  A slime creature (D:8)
  The ghost of kalagan the Magician, an amateur DEFE (D:4)
  A wyvern (D:8)
  A wraith (D:8)
  2 orc warriors
  A phantom (D:4)
  2 ice beasts
  6 ogres
  2 centaurs
  2 big kobolds
  3 bullfrogs
  5 scorpions
  4 wights (D:8)
  2 howler monkeys
  2 crimson imps
  A centaur zombie (D:8)
  2 bullfrog zombies
  3 jellies
  2 centaur skeletons (D:4)
  2 orc priests
  2 hounds
  4 orc wizards
  A bullfrog skeleton (D:8)
  Natasha (thrice) (D:3)
  5 iguanas
  7 worker ants
  2 hound zombies
  4 gnolls (D:5)
  12 adders
  2 shadow imps
  An ooze (D:2)
  An adder skeleton (D:4)
  3 worms
  2 dart slugs
  3 leopard geckos
  22 orcs
  9 giant cockroaches
  8 hobgoblins
  8 jackals
  3 quokkas
  A ball python (D:4)
  9 bats
  4 frilled lizards
  11 goblins
  19 kobolds
  A leopard gecko skeleton (D:4)
  10 rats
211 creatures vanquished.

Vanquished Creatures (others)
  An orc priest (D:9)
  A hound zombie (D:8)
  An orc (D:4)
  A kobold (D:7)
4 creatures vanquished.

Grand Total: 215 creatures vanquished

Notes
Turn   | Place    | Note
-------+----------+-------------------------------------------
     0 | D:1      | sking99 the Spriggan Enchanter began the quest for the Orb.
     0 | D:1      | Reached XP level 1. HP: 9/9 MP: 5/5
   179 | D:1      | Reached skill level 5 in Stealth
   187 | D:1      | Reached XP level 2. HP: 8/13 MP: 6/6
   552 | D:1      | Learned a level 2 spell: Ensorcelled Hibernation
  1274 | D:2      | Reached XP level 3. HP: 16/16 MP: 2/8
  1327 | D:2      | Reached skill level 6 in Stealth
  1483 | D:2      | Reached XP level 4. HP: 14/21 MP: 7/9
  1575 | D:2      | Learned a level 3 spell: Confuse
  1744 | D:2      | Found a sacrificial altar of Ru.
  1744 | D:2      | Found a hazy altar of Hepliaklqana.
  1751 | D:2      | Became a worshipper of Ru the Awakened
  1905 | D:2      | Reached skill level 1 in Ice Magic
  2370 | D:2      | Reached skill level 7 in Stealth
  2370 | D:2      | Reached XP level 5. HP: 24/24 MP: 1/11
  2763 | D:3      | Noticed Natasha
  2990 | D:3      | Killed Natasha
  3370 | D:3      | Reached skill level 8 in Stealth
  3389 | D:3      | Gained mutation: You are missing a hand. [Ru sacrifice]
  3389 | D:3      | Reached * piety under Ru
  3389 | D:3      | Reached ** piety under Ru
  3389 | D:3      | Reached *** piety under Ru
  3704 | D:3      | Reached XP level 6. HP: 28/28 MP: 13/13
  3738 | D:3      | Noticed Natasha
  3746 | D:3      | Learned a level 3 spell: Dazzling Spray
  3753 | D:3      | Killed Natasha
  4106 | D:3      | Noticed Natasha
  4112 | D:3      | Killed Natasha
  4157 | D:4      | Reached skill level 5 in Hexes
  4955 | D:4      | Reached skill level 9 in Stealth
  4955 | D:4      | Reached skill level 1 in Conjurations
  4955 | D:4      | Reached XP level 7. HP: 32/32 MP: 14/14
  5040 | D:4      | Noticed kalagan's ghost (amateur DEFE)
  5056 | D:4      | Killed kalagan's ghost
  5308 | D:4      | Reached skill level 5 in Dodging
  5467 | D:5      | Entered Level 5 of the Dungeon
  5472 | D:5      | Reached skill level 10 in Stealth
  6130 | D:5      | Gained mutation: You cannot train Armour skill. [Ru sacrifice]
  6130 | D:5      | Reached **** piety under Ru
  6364 | D:5      | Reached XP level 8. HP: 36/36 MP: 15/15
  6942 | D:6      | Found a blossoming altar of Fedhas.
  7007 | D:6      | Reached skill level 11 in Stealth
  7175 | D:6      | Found an ancient bone altar of Kikubaaqudgha.
  8170 | D:7      | Noticed a hippogriff
  8180 | D:7      | Killed a hippogriff
  8180 | D:7      | Reached skill level 12 in Stealth
  8217 | D:7      | Reached skill level 5 in Short Blades
  8395 | D:7      | Found a staircase to the Ecumenical Temple.
  8556 | D:7      | Gained mutation: You are sensitive to extremes of temperature. (rF-, rC-) [Ru sacrifice]
  8556 | D:7      | Reached ***** piety under Ru
  8556 | D:7      | Reached ****** piety under Ru
  8728 | D:7      | Reached XP level 9. HP: 39/39 MP: 11/16
  9063 | D:8      | Reached skill level 13 in Stealth
  9450 | D:8      | Found a shadowy altar of Dithmenos.
  9508 | D:8      | Reached skill level 14 in Stealth
  9510 | D:8      | Noticed a skeletal warrior
  9513 | D:8      | Killed a skeletal warrior
  9515 | D:8      | Noticed a cyclops
  9518 | D:8      | Killed a cyclops
  9518 | D:8      | Reached skill level 15 in Stealth
  9518 | D:8      | Reached XP level 10. HP: 44/44 MP: 15/17
  9520 | D:8      | Noticed a cyclops
  9523 | D:8      | Killed a cyclops
  9526 | D:8      | Noticed a gargoyle
  9535 | D:8      | Killed a gargoyle
  9535 | D:8      | Reached skill level 10 in Dodging
  9577 | D:8      | Noticed a centaur warrior
  9580 | D:8      | Killed a centaur warrior
  9586 | D:8      | Reached skill level 16 in Stealth
  9812 | D:8      | Found a shimmering altar of Xom.
  9813 | D:8      | Found a burning altar of Makhleb.
 10533 | D:9      | Noticed an eight-headed hydra
 10547 | D:9      | Killed an eight-headed hydra
 10551 | D:9      | Noticed a death yak
 10552 | D:9      | Noticed a death yak
 10562 | D:9      | Noticed a death yak
 10563 | D:9      | Noticed a death yak
 10568 | D:9      | Noticed a death yak
 10614 | D:9      | Killed a death yak
 10614 | D:9      | Reached skill level 17 in Stealth
 10680 | D:9      | Mangled by a death yak

Skill      XL: |  1  2  3  4  5  6  7  8  9 10 |
---------------+-------------------------------+-----
Stealth        | 5 6 7 8 9 10 12 15 17 | 17.0
Spellcasting   | 3 4 |  4.0
Hexes          | 4 5 |  5.5
Ice Magic      | 1 |  1.0
Dodging        | 4 5 7 9 11 | 11.1
Short Blades   | 2 3 5 6 8 |  8.3
Conjurations   | 1 2 |  2.0

Action                   |  1- 3 |  4- 6 |  7- 9 | 10-12 || total
-------------------------+-------+-------+-------+-------++-------
Melee: Dagger            |    65 |   176 |   257 |    97 ||   595
 Cast: Ensorcelled Hiber |    15 |    56 |    65 |    28 ||   164
       Corona            |     4 |       |       |       ||     4
       Confuse           |       |     3 |    19 |     6 ||    28
       Dazzling Spray    |       |       |     4 |     4 ||     8
Invok: Sacrifice a Hand  |       |     1 |       |       ||     1
       Sacrifice Durabil |       |       |     1 |       ||     1
       Sacrifice Resista |       |       |     1 |       ||     1
       Power Leap        |       |       |     2 |     1 ||     3
       Draw Out Power    |       |       |       |     1 ||     1
  Use: Scroll            |       |     8 |     9 |       ||    17
 Stab: Sleeping          |    11 |    51 |    50 |    24 ||   136
       Confused          |       |     3 |     8 |     3 ||    14
       Distracted        |       |       |     2 |     2 ||     4
       Paralysed         |       |       |     1 |     1 ||     2
       Invisible         |       |       |       |     2 ||     2
  Eat: Ration            |       |     4 |     3 |     3 ||    10
Armor: Robe              |     1 |    13 |    32 |     3 ||    49
Dodge: Dodged            |    54 |   125 |   148 |    86 ||   413
